 Dungeon Crawl Stone Soup version 0.23-a0-650-ga4d50d4 (webtiles) character file.

28 Borgoz the Cutter (level 3, 0/24 HPs)
             Began as a Kobold Berserker on Jan 2, 2019.
             Was a Believer of Trog.
             Succumbed to an adder's poison
             ... on level 2 of the Dungeon.
             The game lasted 00:05:30 (1175 turns).

Borgoz the Cutter (Kobold Berserker)                Turns: 1175, Time: 00:05:31

Health: 0/24       AC:  2    Str: 14    XL:     3   Next: 30%
Magic:  3/3        EV: 15    Int: 10    God:    Trog [**....]
Gold:   72         SH:  0    Dex: 15    Spells: 2/2 levels left

rFire    . . .     SeeInvis .   a - +0 short sword
rCold    . . .     Gourm    .   (shield restricted)
rNeg     . . .     Faith    .   b - +0 animal skin
rPois    .         Spirit   .   (no helmet)
rElec    .         Reflect  .   (no cloak)
rCorr    .         Harm     .   (no gloves)
MR       .....                  (no boots)
Stlth    ++........             (no amulet)
HPRegen  0.08/turn              j - +2 ring of intelligence
MPRegen  0.08/turn              (no ring)

@: lethally poisoned (0 -> -4)
A: small, carnivore
a: Berserk, Trog's Hand, Renounce Religion


You were on level 2 of the Dungeon.
You worshipped Trog.
Trog was pleased with you.
You were not hungry.

You visited 1 branch of the dungeon, and saw 2 of its levels.

You collected 72 gold pieces.

Inventory:

Hand Weapons
 a - a +0 short sword (weapon)
Armour
 b - a +0 animal skin (worn)
 m - a +1 pair of boots
Jewellery
 j - a +2 ring of intelligence (left hand)
Scrolls
 d - a scroll of remove curse {unknown}
 f - a scroll of amnesia {unknown}
 h - a scroll of enchant weapon {unknown}
 i - 5 scrolls of identify {unknown}
 k - a scroll of magic mapping {unknown}
Potions
 e - a potion of heal wounds {unknown}
 g - a potion of degeneration {unknown}
 l - a potion of brilliance {unknown}
 n - a potion of lignification {unknown}
Comestibles
 c - 2 rations


   Skills:
 + Level 3.8 Fighting
 + Level 4.7 Short Blades
 + Level 1.7 Armour
 + Level 2.6 Dodging
 + Level 0.4 Stealth


You had 2 spell levels left.
You didn't know any spells.
Your spell library was empty.

Dungeon Overview and Level Annotations

Branches:
Dungeon (2/15)

Altars:
Fedhas


Innate Abilities, Weirdness & Mutations

You are small and have problems with some larger weapons.
You are carnivorous and can eat meat at any time.


Message History

The quokka is severely wounded.
The adder closely misses you. The quokka closely misses you.
You closely miss the quokka.
The quokka is severely wounded.
The adder bites you.
You are poisoned.
The adder poisons you! The quokka bites you.
You barely miss the quokka.
The quokka is severely wounded.
You feel sick. The adder closely misses you. The quokka bites you.
You are too injured to fight recklessly!
You barely miss the adder.
You feel sick. The adder misses you. x2
You closely miss the adder.
You feel sick. The adder bites you.
* * * LOW HITPOINT WARNING * * *
You hit the adder.
The adder is moderately wounded.
The adder closely misses you. The quokka closely misses you.
Okay, then.
The adder completely misses you.
You die...

##..###....##........
##..#................
......#.#..##.....>..
#######.#............
# #...#.##.........
##.###.###..#.### #
#..# #.###....####
..# ####
#.....#...Sr###....#
#.8#8.#.@##........#
.
#.#(#...#####......#
. #.8#8..## ......#
#......# ......#
...<....# ......#
###.####.. .#....# #.
#.## .#....# ..# #
#.# ###.### .. #.#


You could see an adder and a quokka.

Vanquished Creatures
  2 leopard geckos (D:2)
  A bat (D:2)
  A giant cockroach (D:1)
  A goblin (D:1)
  5 hobgoblins
  5 jackals (D:1)
  4 frilled lizards
  2 kobolds (D:1)
  3 rats
24 creatures vanquished.

Notes
Turn   | Place    | Note
-------+----------+-------------------------------------------
     0 | D:1      | Borgoz the Kobold Berserker began the quest for the Orb.
     0 | D:1      | Reached XP level 1. HP: 14/14 MP: 1/1
   111 | D:1      | Reached XP level 2. HP: 16/19 MP: 2/2
   785 | D:1      | Reached XP level 3. HP: 24/24 MP: 3/3
  1112 | D:2      | Reached ** piety under Trog
  1122 | D:2      | Found a blossoming altar of Fedhas.
  1172 | D:2      | HP: 1/24 [adder (5)]
  1175 | D:2      | Succumbed to an adder's poison

Vault maps used:
D:1:      lemuel_arrival_muddy
D:2:      okawaru_metal_pillars_1_2, nicolae_overflow_crystal_walls,
          amethyst_overflow_temple_binary, minmay_statues_item

Action                   || total
-------------------------++-------
Melee: Short sword       ||    79
 Stab: Sleeping          ||     1
  Eat: Chunk             ||     2
Armor: Animal skin       ||    12
Dodge: Dodged            ||    53

Table legend:
 A = Non-vault XP
 B = Vault XP
 C = Vault XP percentage of total XP
 D = Non-vault monster count
 E = Vault monster count
 F = Vault count percentage of total count
                 A         B        C        D         E       F
            +---------+---------+-------+---------+---------+-------
      Total |      41 |       0 |   0.0 |      24 |       0 |   0.0
            +---------+---------+-------+---------+---------+-------
        D:1 |      29 |       0 |   0.0 |      18 |       0 |   0.0
        D:2 |      12 |       0 |   0.0 |       6 |       0 |   0.0
            +---------+---------+-------+---------+---------+-------
